 Dungeon Crawl Stone Soup version 0.23-a0-396-g5214e5f (webtiles) character file.

3596 galech the Cleaver (level 9, -5/71 HPs)
             Began as a Demonspawn Fighter on Nov 2, 2018.
             Was an Elder of Okawaru.
             Slain by a gnoll
             ... wielding a +1 halberd of electrocution
              (12 damage)
             ... in a bailey.
             The game lasted 00:10:17 (9275 turns).

galech the Cleaver (Demonspawn Fighter)             Turns: 9275, Time: 00:10:18

Health: -5/71      AC: 15    Str: 14    XL:     9   Next: 85%
Magic:  17/19      EV: 11    Int:  9    God:    Okawaru [****..]
Gold:   445        SH: 12    Dex: 16    Spells: 8/8 levels left

rFire    . . .     SeeInvis .   a - +0 war axe
rCold    . . .     Gourm    .   c - +0 shield
rNeg     + + .     Faith    .   A - +2 chain mail "Wetymog" {+Blink rPois rN++ Str-3}
rPois    +         Spirit   .   (helmet restricted)
rElec    .         Reflect  .   (no cloak)
rCorr    .         Harm     +   J - +0 pair of gloves (curse)
MR       .....                  (no boots)
Stlth    ..........             L - amulet of harm
HPRegen  1.21/turn              q - ring of magical power
MPRegen  0.16/turn              v - +1 ring of slaying

@: heroism
A: antennae 2, powered by death 1, rot immunity, sturdy frame 2
a: Heroism, Renounce Religion, Evoke Blink


You were in a bailey.
You worshipped Okawaru.
Okawaru was greatly pleased with you.
You were not hungry.

You visited 1 branch of the dungeon, and saw 8 of its levels.
You also visited: Bailey.

You collected 445 gold pieces.

Inventory:

Hand Weapons
 a - a +0 war axe (weapon)
 b - a +2 vampiric war axe
Armour
 c - a +0 shield (worn)
 A - the +2 chain mail "Wetymog" (worn) {+Blink rPois rN++ Str-3}
   (You took it off an orc on level 5 of the Dungeon)

   It affects your strength (-3).
   It protects you from poison.
   It greatly protects you from negative energy.
   It lets you blink.
 J - a cursed +0 pair of gloves (worn)
Jewellery
 q - a ring of magical power (left hand)
 v - a +1 ring of slaying (right hand)
 C - an uncursed ring of ice
 L - an amulet of harm (around neck)
Wands
 o - a wand of random effects (24)
 p - a wand of iceblast (8)
 w - a wand of paralysis (11)
 F - a wand of polymorph (5)
 K - a wand of digging (4)
Scrolls
 h - 3 scrolls of immolation
 j - 5 scrolls of teleportation
 l - a scroll of enchant weapon
 m - 6 scrolls of remove curse
 r - 2 scrolls of blinking
 u - a scroll of amnesia
 x - 2 scrolls of fog
 y - 2 scrolls of noise
 D - a scroll of identify
 E - 2 scrolls of enchant armour
 I - a scroll of fear
Potions
 d - a potion of might
 e - 3 potions of curing {unknown}
 g - 3 potions of cancellation {unknown}
 i - 2 potions of flight {unknown}
 k - a potion of invisibility {unknown}
 n - a potion of agility {unknown}
 s - a potion of ambrosia {unknown}
 t - 2 potions of haste
 z - a potion of heal wounds {unknown}
 G - 3 potions of lignification {unknown}
 H - a potion of berserk rage {unknown}
Comestibles
 f - 16 rations
 B - 5 chunks of flesh


   Skills:
 + Level 6.6(11.6) Fighting
 + Level 8.7(13.7) Axes
 + Level 6.6(11.6) Armour
 + Level 2.4(7.4) Dodging
 + Level 0.1(5.1) Stealth
 + Level 5.3(10.3) Shields
 + Level 1.5 Invocations


You had 8 spell levels left.
You didn't know any spells.
Your spell library contained the following spells:

 Spells                   Type           Power        Failure   Level  Hunger
 Poisonous Vapours        Pois/Air       #.....       99%         2    ###....
 Conjure Flame            Conj/Fire      #.......     100%        3    ####...
 Mephitic Cloud           Conj/Pois/Air  #.......     100%        3    ####...
 Freezing Cloud           Conj/Ice/Air   #.........   100%        6    #######
 Ring of Flames           Chrm/Fire      #.........   100%        7    #######


Dungeon Overview and Level Annotations

Branches:
Dungeon (8/15)             Temple (0/1) D:5
   Lair: D:8-11

Altars:
Cheibriados
Dithmenos
Gozag
Okawaru
Qazlal
Trog
Wu Jian
Zin


Innate Abilities, Weirdness & Mutations

You have a pair of antennae on your head.
You regenerate a little health from kills.
You are immune to rotting.
Your movements are less encumbered by armour. (ER -4)


Message History

You see here 6 tomahawks of returning.
There is an open door, spattered with blood here.
Things that are here:
4 tomahawks of returning; a +0 halberd; a gnoll skeleton
Things that are here:
a +0 halberd; a gnoll corpse
There is an open door here.
You block the gnoll's attack.
There is an open door here.
You gain the combat prowess of a mighty hero.
You block the gnoll's attack. You block the gnoll's attack.
There is an open door here.
You slash the gnoll!
You kill the gnoll!
Okawaru accepts your kill.
The gnoll hits you from afar with a +1 halberd of electrocution.
* * * LOW HITPOINT WARNING * * *
You are electrocuted!
You die...

##### ### ### #
##(({###.###(#
#'##'##(###{##'##(##
#....)## ##g..((##
#...g(# ###)..((###
#.'..⌠..' #.@..∩..'.#
###.....#####.....###
#.....# ##.....#
#'##'##' ##'##'##'#
#.# #. # #)###.# #.#
#' ## #### ### ##
#g#{ #g#


gg# You could see a gnoll.

Vanquished Creatures
  A spriggan (D:7)
  Eustachio (D:5)
  Menkaure (D:5)
  2 sky beasts
  4 ice beasts
  2 orc warriors
  7 ogres
  A centaur (D:7)
  2 bullfrogs
  4 scorpions
  6 killer bees (D:8)
  6 howler monkeys
  A crimson imp (D:7)
  A jelly (D:4)
  2 orc priests (D:7)
  7 orc wizards
  A bullfrog skeleton (D:8)
  3 iguanas
  5 worker ants
  A killer bee zombie (D:7)
  15 gnolls
  10 adders
  2 shadow imps
  3 worms
  A dart slug (D:4)
  6 leopard geckos
  23 orcs
  A ball python (D:4)
  6 bats
  A giant cockroach (D:3)
  6 goblins
  4 hobgoblins
  2 jackals (D:2)
  4 frilled lizards
  14 kobolds
  A leopard gecko zombie (D:8)
  3 rats
160 creatures vanquished.

Vanquished Creatures (collateral kills)
  A bullfrog (D:8)
  2 orc wizards (D:8)
  An adder skeleton (D:8)
4 creatures vanquished.

Grand Total: 164 creatures vanquished

Notes
Turn   | Place    | Note
-------+----------+-------------------------------------------
     0 | D:1      | galech the Demonspawn Fighter began the quest for the Orb.
     0 | D:1      | Reached XP level 1. HP: 18/18 MP: 1/1
   343 | D:1      | Reached skill level 2 in Axes
   347 | D:1      | Gained mutation: You regenerate a little health from kills.
                  | [demonic ancestry]
   347 | D:1      | Reached XP level 2. HP: 18/24 MP: 2/2
  1066 | D:2      | Gained mutation: You are immune to rotting. [demonic
                  | ancestry]
  1066 | D:2      | Reached XP level 3. HP: 23/29 MP: 3/3
  1095 | D:2      | Found a stormy altar of Qazlal.
  1097 | D:2      | Found an opulent altar of Gozag.
  1771 | D:2      | Found an iron altar of Okawaru.
  1784 | D:2      | Became a worshipper of Warmaster Okawaru
  1850 | D:2      | Gained mutation: Your movements are slightly less
                  | encumbered by armour. (ER -2) [demonic ancestry]
  1850 | D:2      | Reached XP level 4. HP: 28/35 MP: 4/4
  2116 | D:2      | Found an ornate altar of the Wu Jian Council.
  2118 | D:2      | Found a bloodstained altar of Trog.
  3111 | D:4      | Reached skill level 3 in Axes
  3116 | D:4      | Reached skill level 1 in Dodging
  3123 | D:4      | Gained mutation: You have a pair of small antennae on your
                  | head. [demonic ancestry]
  3123 | D:4      | Reached XP level 5. HP: 8/42 MP: 5/5
  4368 | D:4      | Reached * piety under Okawaru
  4368 | D:4      | Reached XP level 6. HP: 41/48 MP: 6/6
  4581 | D:5      | Entered Level 5 of the Dungeon
  4780 | D:5      | Reached skill level 4 in Axes
  4943 | D:5      | Noticed Eustachio
  4976 | D:5      | Killed Eustachio
  4976 | D:5      | Gained mutation: Your movements are less encumbered by
                  | armour. (ER -4) [demonic ancestry]
  4976 | D:5      | Reached XP level 7. HP: 21/54 MP: 7/7
  5185 | D:5      | Noticed Menkaure
  5185 | D:5      | Identified the +2 chain mail "Wetymog" {+Blink rPois rN++
                  | Str-3}
  5486 | D:5      | Killed Menkaure
  5486 | D:5      | Reached skill level 5 in Axes
  6073 | D:5      | Reached ** piety under Okawaru
  6073 | D:5      | Reached skill level 1 in Invocations
  6249 | D:5      | Reached XP level 8. HP: 53/61 MP: 8/8
  6281 | D:5      | Found a staircase to the Ecumenical Temple.
  6347 | D:5      | Reached skill level 6 in Axes
  6453 | D:5      | Found an opulent altar of Gozag.
  6592 | D:6      | Reached skill level 5 in Armour
  6593 | D:6      | Found an iron altar of Okawaru.
  6623 | D:6      | Reached skill level 7 in Axes
  6745 | D:6      | Reached skill level 5 in Shields
  7172 | D:7      | Reached *** piety under Okawaru
  7194 | D:7      | Found a shadowy altar of Dithmenos.
  7231 | D:7      | Reached skill level 5 in Fighting
  7244 | D:7      | Gained mutation: You have a pair of antennae on your head.
                  | [demonic ancestry]
  7244 | D:7      | Reached XP level 9. HP: 36/68 MP: 10/10
  7507 | D:7      | HP: 3/68 [sky beast (5)]
  7736 | D:7      | Found a glowing silver altar of Zin.
  8128 | D:7      | Reached skill level 8 in Axes
  8361 | D:7      | Found a snail-covered altar of Cheibriados.
  8772 | D:7      | Reached **** piety under Okawaru
  9134 | D:8      | Found a flagged portal.
  9148 | Bailey   | Entered a bailey
  9275 | Bailey   | Slain by a gnoll

Vault maps used:
D:1:      dpeg_arrival_circle_labyrinth_b
D:2:      nicolae_overflow_hidden_temple, overflow_temple_1_default
D:3:      minmay_misc_feat_diagonals, minmay_misc_feat_tiny
D:5:      lemuel_temple_firewalk_a, serial_glass, glass_columns_a,
          glass_columns_b, first_ration, basic_altar, serial_bayou_pond_a,
          uniq_menkaure, uniq_eustachio
D:6:      okawaru_ov_weapons_minmay
D:7:      old_standard_altar, zin_academy, dk_noncrumbling_3, the_bakery,
          nicolae_dithmenos_the_darkroom
D:8:      minmay_quarter_circles, enter_bailey_2
Bailey:   bailey_axe_2, bailey

Skill      XL: |  1  2  3  4  5  6  7  8  9 |
---------------+----------------------------+-----
Axes           | 2 3 4 5 7 8 |  8.7
Shields        | 3 4 5 |  5.3
Armour         | 3 4 5 6 |  6.6
Dodging        | 1 2 |  2.4
Fighting       | 4 5 6 |  6.6
Invocations    | 1 |  1.5
Stealth        | |  0.1

Action                   |  1- 3 |  4- 6 |  7- 9 || total
-------------------------+-------+-------+-------++-------
Melee: War axe           |   130 |   155 |   384 ||   669
Invok: Heroism           |       |     3 |     9 ||    12
  Use: Scroll            |     4 |     1 |    10 ||    15
  Eat: Chunk             |     3 |     8 |    13 ||    24
       Ration            |       |     1 |       ||     1
Armor: Scale mail        |    60 |    55 |       ||   115
       Chain mail        |       |       |   176 ||   176
       Plate armour      |       |       |     5 ||     5
Dodge: Dodged            |    60 |    61 |   144 ||   265
Block: Shield            |    75 |    87 |   212 ||   374

Table legend:
 A = Non-vault XP
 B = Vault XP
 C = Vault XP percentage of total XP
 D = Non-vault monster count
 E = Vault monster count
 F = Vault count percentage of total count
                 A         B        C        D         E       F
            +---------+---------+-------+---------+---------+-------
      Total |    4450 |     688 |  13.4 |     146 |      18 |  11.0
            +---------+---------+-------+---------+---------+-------
        D:1 |      18 |       0 |   0.0 |      11 |       0 |   0.0
        D:2 |      85 |       0 |   0.0 |      21 |       0 |   0.0
        D:3 |      28 |       0 |   0.0 |      11 |       0 |   0.0
        D:4 |     375 |       0 |   0.0 |      15 |       0 |   0.0
        D:5 |     813 |     383 |  32.0 |      20 |       2 |   9.1
        D:6 |     749 |       0 |   0.0 |      21 |       0 |   0.0
        D:7 |    1738 |     220 |  11.2 |      31 |       1 |   3.1
        D:8 |     644 |       0 |   0.0 |      16 |       0 |   0.0
     Bailey |       0 |      85 | 100.0 |       0 |      15 | 100.0
            +---------+---------+-------+---------+---------+-------
